 Dungeon Crawl Stone Soup version 0.29-a0-837-g174bc33265 (webtiles) character file.

Game seed: 7569701868533989049

100 DungeonMaster the Trooper (level 4, -2/35 HPs)
             Began as a Demonspawn Wanderer on July 13, 2022.
             Slain by a gnoll
             ... wielding a +0 spear
              (6 damage)
             ... on level 3 of the Dungeon.
             The game lasted 00:03:25 (2466 turns).

DungeonMaster the Trooper (Demonspawn Wanderer)     Turns: 2466, Time: 00:03:26

Health: -2/35      AC:  7    Str: 12    XL:     4   Next: 47%
Magic:  4/4        EV:  9    Int: 10    God:
Gold:   137        SH:  4    Dex: 18    Spells: 3/3 levels left

rFire   . . .      SeeInvis .   a - +2 falchion
rCold   . . .      Faith    .   p - +0 buckler
rNeg    . . .      Spirit   .   f - +0 scale mail
rPois   .          Reflect  .   c - +0 helmet
rElec   .          Harm     .   (no cloak)
rCorr   +          Rampage  .   (no gloves)
Will    .....                   (no boots)
Stlth   ..........              (no amulet)
HPRegen 0.11/turn               n - ring of resist corrosion
MPRegen 0.09/turn               (no ring)

@: no status effects
A: foul stench 2
a: no special abilities


You were on level 3 of the Dungeon.
You visited 1 branch of the dungeon, and saw 3 of its levels.

You collected 137 gold pieces.

Inventory:

Hand Weapons
 a - a +2 falchion (weapon)
 d - a +2 short sword of draining
 s - a +1 dagger of venom
Missiles
 e - 4 stones (quivered)
 h - 2 poisoned darts
Armour
 c - a +0 helmet (worn)
 f - a +0 scale mail (worn)
 p - a +0 buckler (worn)
Jewellery
 n - a ring of resist corrosion (left hand)
 q - a +6 ring of strength
Scrolls
 g - a scroll of teleportation
 i - 2 scrolls of identify
 o - 4 scrolls of fog
Potions
 b - 2 potions of resistance
 j - a potion of heal wounds {unknown}
 k - a potion of berserk rage {unknown}
 l - a potion of attraction {unknown}
 m - a potion of haste
 r - 2 potions of curing {unknown}


   Skills:
 * Level 3.2 Fighting
 - Level 1.7 Long Blades
 - Level 1.7 Staves
 * Level 2.6 Armour
 * Level 2.4 Dodging
 * Level 0.0 Shields
 - Level 1.0 Evocations


You had 3 spell levels left.
You didn't know any spells.
Your spell library was empty.

Dungeon Overview and Level Annotations

Branches:
Dungeon (3/15)

Altars:

Shops:
D:3 [


Innate Abilities, Weirdness & Mutations

You sometimes emit foul miasma when damaged in melee.


Message History

The gnoll is severely wounded.
The gnoll hits you but does no damage. The gnoll barely misses you.
The gnoll hits you from afar with a +0 spear.
The gnoll hits you with a +0 spear.
You barely miss the gnoll.
The gnoll is severely wounded.
You block the gnoll's attack. The gnoll hits you with a +0 whip.
You block the gnoll's attack. The gnoll closely misses you.
The gnoll hits you with a +0 whip. The gnoll closely misses you.
You are too injured to fight recklessly!
You are too injured to fight recklessly!
You are too injured to fight recklessly!
You are too injured to fight recklessly!
You are too injured to fight recklessly!
You are too injured to fight recklessly!
You are too injured to fight recklessly!
You are too injured to fight recklessly!
You are too injured to fight recklessly!
You are too injured to fight recklessly!
You are too injured to fight recklessly!
You are too injured to fight recklessly!
You are too injured to fight recklessly!
You are too injured to fight recklessly!
You are too injured to fight recklessly!
You hit the gnoll.
The gnoll is severely wounded.
The gnoll hits you but does no damage. You block the gnoll's attack.
The gnoll hits you but does no damage. The gnoll barely misses you.
The gnoll hits you with a +0 spear.
* * * LOW HITPOINT WARNING * * *
The gnoll attacks as you move away! The gnoll hits you with a +0 spear.
* * * LOW HITPOINT WARNING * * *
The gnoll closely misses you. The gnoll barely misses you.
There is a stone staircase leading down here.
The gnoll hits you from afar with a +0 spear.
* * * LOW HITPOINT WARNING * * *
The gnoll hits you with a +0 whip.
* * * LOW HITPOINT WARNING * * *
The gnoll hits you from afar with a +0 spear.
You die...

#.... ## ## #....#
...####. #.....
........ #....#
#.)..... #....#
..#####. .##....######
#. ....gg......######
#.
##.##.#..........####.
#...@g.............†.
######..........####.
#.....###### #.
#.....# ## #.......
#.......# ###...∩.#
#######


You could see 3 gnolls.

Vanquished Creatures
  5 adders
  A worm (D:2)
  2 dart slugs
  An orc (D:3)
  3 bats
  6 endoplasms
  A giant cockroach (D:3)
  3 goblins
  4 hobgoblins
  A quokka (D:1)
  9 ball pythons
  3 frilled lizards
  5 kobolds
  4 rats
48 creatures vanquished.

Notes
Turn   | Place    | Note
-------+----------+-------------------------------------------
     0 | D:1      | DungeonMaster the Demonspawn Wanderer began the quest for
                  | the Orb.
     0 | D:1      | DungeonMaster set off with the following items: a +2
                  | falchion, a +0 quarterstaff, a +0 helmet, a scroll of fog,
                  | a +0 robe.
     0 | D:1      | Reached XP level 1. HP: 16/16 MP: 1/1
   122 | D:1      | Found a faded altar of an unknown god.
   160 | D:1      | Gained mutation: You may rarely emit foul miasma when
                  | damaged in melee. [demonic ancestry]
   160 | D:1      | Reached XP level 2. HP: 23/23 MP: 2/2
   725 | D:2      | Reached XP level 3. HP: 19/28 MP: 3/3
  1115 | D:2      | Reached skill level 3 in Fighting
  1453 | D:2      | Gained mutation: You sometimes emit foul miasma when
                  | damaged in melee. [demonic ancestry]
  1453 | D:2      | Reached XP level 4. HP: 35/35 MP: 4/4
  2450 | D:3      | Found Pyesuv's Antique Armour Emporium.
  2466 | D:3      | Slain by a gnoll

Illustrated notes

Levels and vault maps discovered:
D:1:      lightli_arrival_windingriver, layout_loops_ring,
          ebering_ecumenical_altar_petrified, minmay_tromino_i2
D:2:      layout_loops_ring, serial_bayou, serial_bayou_pond_e,
          serial_bayou_crossing, serial_bayou_pond_e, serial_bayou_shore_a,
          serial_bayou_pond_c
D:3:      layout_basic, serial_shops, shop, corexii_hall_statues_l

Skill      XL: |  1  2  3 |
---------------+----------+-----
Armour         | 2 |  2.6
Dodging        | 2 |  2.4
Fighting       | 3 |  3.2
Long Blades    | |  1.7
Staves         | |  1.7
Evocations     | |  1.0

Action                   |  1- 3 |  4- 6 || total
-------------------------+-------+-------++-------
Melee: Falchion          |    69 |    62 ||   131
       Punch             |     1 |       ||     1
  Use: Scroll            |     1 |     4 ||     5
 Stab: Sleeping          |     1 |       ||     1
Armor: Robe              |     1 |       ||     1
       Scale mail        |    32 |    28 ||    60
Dodge: Dodged            |    41 |    30 ||    71
Block: Buckler           |       |     5 ||     5

Table legend: (Time is in decaauts)
 A = Elapsed time spent in this place.
 B = Non-inter-level travel time spent in this place.
 C = Inter-level travel time spent in this place.
 D = Time resting spent in this place.
 E = Time spent auto-exploring this place.
 F = Levels seen in this place.
 G = Mean time per level.
                   A        B        C        D        E       F      G
               +--------+--------+--------+--------+--------+-----+--------+
         Total |   2539 |   2511 |     28 |    192 |   1929 |   3 |  846.3 |
       Dungeon |   2539 |   2511 |     28 |    192 |   1929 |   3 |  846.3 |
               +--------+--------+--------+--------+--------+-----+--------+

Top non-repeatable levels by time:
     D:2: 1193 daAuts
     D:1: 725 daAuts
     D:3: 620 daAuts
